 Dungeon Crawl Stone Soup version 0.17.0-23-g0de4337 (webtiles) character file.

1787 septik the Cleaver (level 8, -2/68 HPs)
             Began as a Deep Dwarf Fighter on Nov 13, 2015.
             Slain by a troll (15 damage)
             ... on level 7 of the Dungeon.
             The game lasted 00:12:15 (3487 turns).

septik the Cleaver (Deep Dwarf Fighter)             Turns: 3487, Time: 00:12:15

Health: -2/68      AC: 10    Str: 21    XL:     8   Next: 82%
Magic:  7/7        EV:  8    Int: 10    God:
Gold:   292        SH:  9    Dex: 12    Spells: 0 memorised, 7 levels left

rFire  . . .     SeeInvis .     a - +0 war axe
rCold  . . .     Clarity  .     E - +0 ring mail (curse)
rNeg   . . .     SustAt   .     c - +0 shield
rPois  .         Gourm    .     (no helmet)
rElec  .         Spirit   .     (no cloak)
rCorr  .         Warding  .     u - +0 pair of gloves
rMut   +         Stasis   .     h - +2 pair of boots
MR     +....                    m - amulet of resist mutation
Stlth  +.........               (no ring)
                                (no ring)

@: non-regenerating, somewhat resistant to hostile enchantments, very unstealthy
A: damage resistance, recharge devices, sense surroundings 1, slow regeneration
3
a: Device Recharging


You were on level 7 of the Dungeon.
You were not hungry.

You visited 1 branch of the dungeon, and saw 7 of its levels.

You collected 292 gold pieces.

Inventory:

Hand Weapons
 a - a +0 war axe (weapon)
Missiles
 i - 246 stones (quivered)
Armour
 b - a +0 scale mail
 c - a +0 shield (worn)
 h - a +2 pair of boots (worn)
 r - a +0 ice dragon armour
 u - a +0 pair of gloves (worn)
 E - a cursed +0 ring mail (worn)
 F - a +0 chain mail
Jewellery
 m - an amulet of resist mutation (around neck)
 q - a +3 ring of dexterity {unknown}
Wands
 e - a wand of heal wounds (3)
Scrolls
 j - 5 scrolls of identify
 t - a scroll of remove curse {unknown}
 x - a scroll of silence {unknown}
 y - 2 scrolls of fear
 z - a scroll of enchant weapon {unknown}
 G - a scroll of magic mapping {unknown}
Potions
 d - a potion of might
 k - a potion of lignification
 l - 2 potions of mutation {unknown}
 n - 5 potions of curing {unknown}
 v - 2 potions of degeneration {unknown}
 A - a potion of brilliance {unknown}
 B - 2 potions of heal wounds {unknown}
 D - 2 potions of magic {unknown}
Books
 w - a book of Geomancy

   Spells                             Type                      Level
   a - Sandblast                      Earth                        1
   b - Stoneskin                      Transmutation/Earth          2
   c - Passwall                       Transmutation/Earth          3
   d - Stone Arrow                    Conjuration/Earth            3
   e - Petrify                        Transmutation/Earth          4
   f - Lee's Rapid Deconstruction     Earth                        5
Comestibles
 f - 4 bread rations
 g - 4 chunks of flesh
 o - 7 meat rations
 p - 4 fruits
 s - a beef jerky
 C - a royal jelly


   Skills:
 - Level 2.6 Fighting
 + Level 12.3 Axes
 - Level 3.2 Armour
 - Level 3.2 Shields


You had 7 spell levels left.
You didn't know any spells.

Dungeon Overview and Level Annotations

Branches:
Dungeon (7/15)
 Temple: D:4-7

Altars:
Elyvilon
Gozag
Ru
Trog

Annotations:
D:3 yuif, 1 exclusion, Robin, Sigmund


Innate Abilities, Weirdness & Mutations

You are resistant to damage.
You can recharge devices by infusing magical energy.
You passively map a small area around you.
You do not regenerate naturally.


Message History

You climb downwards.
A crocodile, an orc and a skeleton come into view.
Found an escape hatch in the ceiling and an escape hatch in the floor.
There is a stone staircase leading up here.
You barely miss the troll. You hit the centaur.
The centaur is lightly wounded.
You block the centaur's attack. The troll bites you but does no damage.
The troll barely misses you. The troll claws you but does no damage.
The centaur hits you but does no damage.
You closely miss the troll. You hit the centaur.
The centaur is moderately wounded.
The troll bites you!
* * * LOW HITPOINT WARNING * * *
You block the troll's attack. The troll barely misses you.
The centaur hits you.
* * * LOW HITPOINT WARNING * * *
The orc hits you with a short sword.
The centaur wields a shortbow.
The centaur shoots an arrow.
You block the arrow. The troll bites you!
You die...

#.>..#,
,
#....#,
#....#
#.Z..#
,,
#....#
,
#....#
,
#.c..#
#.To.#
, ,
#..@.#
,
#...<#,
,
#....#
#.t..#
,
#....#
,, **+
#....#
,
#....#
,
#....#
, , ,


You could see a troll, a crocodile, a centaur, an orc and a wyvern skeleton.

Vanquished Creatures
  Pikel (D:5)
  Grinder (D:3)
  The ghost of bsdbeard the Gusty, an amateur HuAE (D:4)
  Eustachio (D:5)
  A slave (D:5)
  An ogre (D:6)
  A sky beast (D:5)
  2 giant frogs
  A crimson imp (D:5)
  3 hounds
  2 giant frog skeletons
  6 worker ants
  A hound skeleton (D:5)
  8 adders
  4 gnolls (D:4)
  2 shadow imps
  2 worms
  4 giant geckos
  2 orcs
  2 giant cockroaches
  9 goblins
  8 hobgoblins
  10 jackals
  2 ball pythons
  8 bats
  3 giant newts
  5 kobolds
  4 rats
95 creatures vanquished.

Notes
Turn   | Place    | Note
--------------------------------------------------------------
     0 | D:1      | septik the Deep Dwarf Fighter began the quest for the Orb.
     0 | D:1      | Reached XP level 1. HP: 20/20 MP: 1/1
   165 | D:1      | Reached XP level 2. HP: 27/27 MP: 2/2
   851 | D:2      | Reached XP level 3. HP: 29/33 MP: 3/3
   949 | D:2      | Reached skill level 4 in Axes
  1302 | D:3      | Found a bloodstained altar of Trog.
  1414 | D:3      | Noticed Grinder
  1430 | D:3      | Reached skill level 5 in Axes
  1430 | D:3      | Reached XP level 4. HP: 30/40 MP: 4/4
  1437 | D:3      | Paralysed by Grinder for 3 turns
  1448 | D:3      | Killed Grinder
  1448 | D:3      | Reached skill level 7 in Axes
  1448 | D:3      | Reached XP level 5. HP: 34/46 MP: 5/5
  1448 | D:3      | Reached XP level 6. HP: 40/55 MP: 6/6
  1657 | D:3      | Noticed Sigmund
  1670 | D:3      | Noticed Robin
  1748 | D:4      | Found a white marble altar of Elyvilon.
  1768 | D:4      | Noticed bsdbeard's ghost (amateur HuAE)
  1817 | D:4      | Killed bsdbeard's ghost
  1817 | D:4      | Reached skill level 8 in Axes
  1848 | D:4      | Reached XP level 7. HP: 18/61 MP: 7/7
  2310 | D:5      | Entered Level 5 of the Dungeon
  2343 | D:5      | Reached skill level 9 in Axes
  2422 | D:5      | Found a sacrificial altar of Ru.
  2528 | D:5      | Noticed Pikel
  2548 | D:5      | Killed Pikel
  2548 | D:5      | Reached skill level 11 in Axes
  2548 | D:5      | Reached XP level 8. HP: 44/68 MP: 8/8
  2584 | D:5      | Noticed Eustachio
  2651 | D:5      | Killed Eustachio
  2678 | D:5      | Found an opulent altar of Gozag.
  3117 | D:6      | Reached skill level 12 in Axes
  3473 | D:6      | Noticed a troll
  3487 | D:7      | Slain by a troll

Action                   |  1- 3 |  4- 6 |  7- 9 || total
-------------------------+-------+-------+-------++-------
Melee: War axe           |   108 |   103 |   198 ||   409
 Abil: Device Recharging |       |       |     1 ||     1
Evoke: Wand              |       |     2 |     4 ||     6
  Use: Scroll            |       |       |     6 ||     6
  Eat: Chunk             |     2 |     1 |     6 ||     9
